 Dungeon Crawl Stone Soup version 0.18.1-48-g4cf74bf (webtiles) character file.

73 Alarkh the Insei (level 4, 0/33 HPs)
             Began as a Vampire Skald on July 18, 2016.
             Was an Initiate of Okawaru.
             Slain by a gnoll
             ... wielding a +0 spear
              (5 damage)
             ... on level 2 of the Dungeon.
             The game lasted 00:05:11 (1635 turns).

Alarkh the Insei (Vampire Skald)                    Turns: 1635, Time: 00:05:12

Health: 0/33       AC:  4    Str: 11    XL:     4   Next: 8%
Magic:  4/7        EV: 11    Int: 15    God:    Okawaru [......]
Gold:   183        SH:  0    Dex: 13    Spells: 3 memorised, 1 level left

rFire  . . .     SeeInvis +       - Unarmed
rCold  . . .     Gourm    .     a - +0 leather armour (curse)
rNeg   + . .     Faith    .     (no shield)
rPois  .         Spirit   .     (no helmet)
rElec  .         Dismiss  .     (no cloak)
rCorr  .         Reflect  .     o - +0 pair of gloves (curse)
SustAt .         Harm     .     (no boots)
MR     .....                    (no amulet)
Stlth  +.........               (no ring)
                                (no ring)

@: very slow, not resistant to hostile enchantments, very unstealthy
A: fangs 3, see invisible, unbreathing
a: Bat Form, Renounce Religion


You were on level 2 of the Dungeon.
You worshipped Okawaru.
Okawaru was noncommittal.
You were not thirsty.

You visited 1 branch of the dungeon, and saw 2 of its levels.

You collected 183 gold pieces.

Inventory:

Armour
 a - a cursed +0 leather armour (worn)
 g - a cursed +0 pair of gloves
 o - a cursed +0 pair of gloves (worn)
Jewellery
 n - a cursed amulet of guardian spirit
Scrolls
 d - 2 scrolls of teleportation {unknown}
 e - 2 scrolls of blinking {unknown}
 h - a scroll of enchant weapon {unknown}
 i - a scroll of recharging {unknown}
 j - 2 scrolls of immolation {unknown}
 l - a scroll of amnesia {unknown}
 p - a scroll of remove curse
Potions
 c - 16 potions of blood
 f - 2 potions of curing {unknown}
 k - 2 potions of flight {unknown}
 m - a potion of ambrosia {unknown}
Books
 b - a book of Battle

   Spells                             Type                      Level
   a - Infusion                       Charms                       1
   b - Shroud of Golubria             Charms/Translocation         2
   c - Song of Slaying                Charms                       2
   d - Spectral Weapon                Hexes/Charms                 3
   e - Regeneration                   Charms/Necromancy            3


   Skills:
 - Level 1.7(0.8) Fighting
 - Level 0.7(0.3) Armour
 - Level 1.1(0.5) Dodging
 + Level 4.8(2.4) Unarmed Combat
 - Level 2.0(1.0) Spellcasting
 - Level 3.2(1.6) Charms


You had one spell level left.
You knew the following spells:

 Your Spells              Type           Power        Failure   Level  Hunger
a - Infusion              Chrm           #...         21%         1    ##.....
b - Shroud of Golubria    Chrm/Tloc      #.........   34%         2    ###....
c - Regeneration          Chrm/Necr      #.........   73%         3    ####...


Dungeon Overview and Level Annotations

Branches:
Dungeon (2/15)

Altars:
Ashenzari
Cheibriados
Okawaru


Innate Abilities, Weirdness & Mutations

You have razor-sharp teeth.
You have supernaturally acute eyesight.
You can survive without breathing.


Message History

You hit the gnoll.
The gnoll is lightly wounded.
The gnoll closely misses you.
You hit the gnoll. You bite the gnoll.
The gnoll is heavily wounded.
The gnoll closely misses you. The gnoll hits you with a spear.
You barely miss the gnoll. You bite the gnoll, but do no damage.
The gnoll is heavily wounded.
The gnoll barely misses you. The gnoll hits you with a spear.
You are too injured to fight recklessly!
The gnoll hits you but does no damage. The gnoll closely misses you.
There is an open door here.
Your magical infusion is running out.
The gnoll barely misses you.
The gnoll hits you from afar with a spear.
You are no longer magically infusing your attacks.
The gnoll hits you from afar with a spear!
* * * LOW HITPOINT WARNING * * *
The gnoll hits you from afar with a spear.
You die...

#.#.#♣.P.♣###.♣.♣.♣..♣♣P.P8..
####.#.##..♣.♣...♣♣g.♣..P.......
#.......##.♣♣.♣P...P♣.P♣...8.⌠.8
#.......#...♣..♣.♣♣..PPP.♣......
#.......#...§♣.♣.♣.♣♣♣P.♣♣.P.8P♣
####.#.#..♣§♣♣.♣g♣..♣P♣..♣.♣P♣♣.
#.#.#.PP§§..♣g...♣.)PP♣..♣...
####.#.#♣§§♣P♣..♣...PP♣..♣♣♣..♣♣
#....#.###P§.♣.@♣.##♣..♣♣.#P♣..#
#.####.# #§♣.♣.P.###.♣P.....####
#.# #.# #.......)........#.####
#.# #.#######.#####<###..#.....
#.####.......#.#..........##....
#...%....###.#.#.#.#..##..##)÷..
#........# #.#.#.#.#..##..##....
#........# #.#.#.#.#..##..##....
#......[.# #.#.#.#.#..##..##....


You could see 2 gnolls.

Vanquished Creatures
  2 adders (D:2)
  An ooze (D:1)
  A worm (D:2)
  2 dart slugs (D:1)
  A giant gecko (D:1)
  3 ball pythons
  7 goblins
  4 hobgoblins
  5 quokkas (D:2)
  4 bats
  2 giant newts
  6 kobolds
  6 rats
44 creatures vanquished.

Notes
Turn   | Place    | Note
--------------------------------------------------------------
     0 | D:1      | Alarkh the Vampire Skald began the quest for the Orb.
     0 | D:1      | Reached XP level 1. HP: 16/16 MP: 3/3
   183 | D:1      | Reached skill level 3 in Unarmed Combat
   183 | D:1      | Reached XP level 2. HP: 18/22 MP: 5/5
   439 | D:1      | Found a shattered altar of Ashenzari.
   460 | D:1      | Became a worshipper of Ashenzari the Shackled
   603 | D:1      | Reached XP level 3. HP: 27/27 MP: 3/6
   788 | D:2      | Reached skill level 4 in Unarmed Combat
  1315 | D:2      | Found an iron altar of Okawaru.
  1320 | D:2      | Found a faded altar to an unknown god.
  1346 | D:2      | Fell from the grace of Ashenzari
  1346 | D:2      | Became a worshipper of Cheibriados the Contemplative
  1346 | D:2      | Reached * piety under Cheibriados
  1351 | D:2      | Fell from the grace of Cheibriados
  1351 | D:2      | Became a worshipper of Warmaster Okawaru
  1430 | D:2      | Reached XP level 4. HP: 26/33 MP: 3/7
  1602 | D:2      | Learned a level 2 spell: Shroud of Golubria
  1606 | D:2      | Learned a level 3 spell: Regeneration
  1635 | D:2      | Slain by a gnoll

Skill      XL: |  1  2  3 |
---------------+----------+-----
Unarmed Combat | 3 4 |  4.8
Fighting       | |  1.7
Armour         | |  0.7
Dodging        | |  1.1
Spellcasting   | |  2.0
Charms         | |  3.2

Action                   |  1- 3 |  4- 6 || total
-------------------------+-------+-------++-------
Melee: Unarmed           |   133 |    13 ||   146
       Bite              |     8 |     3 ||    11
       Punch             |     2 |       ||     2
 Cast: Infusion          |    16 |     2 ||    18
       Shroud of Golubri |       |     1 ||     1
Invok: Curse Item        |     2 |       ||     2
  Use: Potion            |     6 |     2 ||     8
Armor: Leather armour    |    41 |     1 ||    42
Dodge: Dodged            |    67 |    10 ||    77
